Panthers vs Sabres

Created - January 30 2009 at 22:16

Goals
1 2 3 OT1 SO T
Panthers 2 0 0 0 0 2
Sabres 1 0 1 0 1 3
Shots
1 2 3 OT1 SO T
Panthers 14 9 7 1 3 31
Sabres 8 3 13 2 2 26

Period #1

1. Sabres , Thomas Vanek 20 (Daniel Brière, Jason Pominville) at 4:37 (PP)
2. Panthers , Nathan Horton 14 (Ray Whitney, Fedor Tyutin) at 9:31
3. Panthers , Joel Perrault 5 (Toni Lydman, Lee Stempniak) at 19:28

Penalties :
Karlis Skrastins (FLA) for Hooking (Minor) at 4:12, Clarke MacArthur (BUF) for Hooking (Minor) at 4:38, Anton Volchenkov (BUF) for Hooking (Minor) at 10:12, Derek Roy (BUF) for Delaying the game (Minor) at 19:37

Period #2

No Goal

Penalties :
Teppo Numminen (BUF) for Holding (Minor) at 0:56, Chris Kunitz (FLA) for Roughing (Minor) at 7:01, Drew Stafford (BUF) for Holding (Minor) at 12:24, Patrick Kaleta (BUF) for Hooking (Minor) at 13:04, Thomas Vanek (BUF) for Hooking (Minor) at 18:47

Period #3

4. Sabres , Adam Mair 1 (Daniel Brière, Chris Pronger) at 12:54 (PP)

Penalties :
Hal Gill (BUF) for Roughing (Minor) at 2:38, Chris Kunitz (FLA) for Hooking (Minor) at 2:38, Anton Volchenkov (BUF) for Tripping (Minor) at 4:58, Fedor Tyutin (FLA) for High sticking (Minor) at 11:17, Torrey Mitchell (FLA) for Interference (Minor) at 14:24

Overtime #1

No Goal

Penalties :
Chris Pronger (BUF) for Holding (Minor) at 0:17

Shootout

Penalty Shot by Joe Thornton for Panthers - Stopped by Ryan Miller
Penalty Shot by Sidney Crosby for Sabres - Goal!
Penalty Shot by Nathan Horton for Panthers - Stopped by Ryan Miller
Penalty Shot by Thomas Vanek for Sabres - Shot Misses the Net
Penalty Shot by Ray Whitney for Panthers - Stopped by Ryan Miller

Penalties :
No Penalty

Goalie Stats

Roberto Luongo (FLA), 24 saves from 26 shots - (0.923), OTL, 16-15-3, 65:00 minutes
Ryan Miller (BUF), 29 saves from 31 shots - (0.935), W, 31-11-2, 65:00 minutes

Players Stats

Panthers
Player Name              G  A  P  +/- PIM S  H  SB FO    MP 
------------------------------------------------------------
Chris Kunitz             0  0  0   0  4   5  3  0  1/2   16 
Fedor Tyutin             0  1  1   1  2   1  4  1  0/0   24 
Joe Thornton             0  0  0   1  0   3  1  1  17/33 23 
Joel Perrault            1  0  1   1  0   1  1  1  5/12  8  
Karlis Skrastins         0  0  0   0  2   0  0  0  0/0   15 
Lee Stempniak            0  1  1   1  0   1  1  0  0/1   13 
Mike Modano              0  0  0   0  0   5  0  0  12/26 18 
Miroslav Satan           0  0  0   0  0   4  0  0  0/0   14 
Nathan Horton            1  0  1   1  0   1  0  0  1/1   22 
Ray Whitney              0  1  1   1  0   2  0  0  0/0   22 
Ryan Hollweg             0  0  0   1  0   1  1  0  0/0   6  
Ryan Suter               0  0  0   0  0   5  0  2  0/0   20 
Scott Hannan             0  0  0   0  0   1  1  1  0/0   22 
Sheldon Souray           0  0  0   2  0   0  1  3  0/0   26 
Toni Lydman              0  1  1   1  0   0  2  2  0/0   21 
Torrey Mitchell          0  0  0   0  2   0  2  0  13/20 15 
Trent Hunter             0  0  0   0  0   0  1  2  0/2   11 
Ville Peltonen           0  0  0   0  0   1  1  0  0/0   16 
Sabres
Player Name              G  A  P  +/- PIM S  H  SB FO    MP 
------------------------------------------------------------
Adam Mair                1  0  1   0  0   2  1  0  0/2   8  
Anton Volchenkov         0  0  0   0  4   0  2  0  0/0   24 
Chris Pronger            0  1  1  -1  2   0  2  1  0/0   27 
Clarke MacArthur         0  0  0  -1  2   1  0  0  0/1   12 
Dan Paille               0  0  0  -1  0   3  3  0  1/4   18 
Daniel Brière            0  2  2  -1  0   4  2  0  3/12  14 
Derek Roy                0  0  0   0  2   5  0  0  15/29 23 
Drew Stafford            0  0  0  -1  2   1  3  0  0/0   13 
Hal Gill                 0  0  0  -1  2   1  1  1  0/0   22 
Henrik Tallinder         0  0  0   0  0   1  1  0  0/0   21 
Jason Pominville         0  1  1   0  0   1  2  0  0/0   16 
Jochen Hecht             0  0  0  -1  0   0  0  0  2/4   17 
Mike Mottau              0  0  0  -1  0   0  0  0  0/0   12 
Patrick Kaleta           0  0  0   0  2   1  1  0  0/0   7  
Paul Gaustad             0  0  0   0  0   0  1  0  11/17 12 
Sidney Crosby            0  0  0  -1  0   1  0  0  15/25 17 
Teppo Numminen           0  0  0  -1  2   1  0  1  0/0   22 
Thomas Vanek             1  0  1   0  2   4  0  0  1/3   16 

3 Stars

1 - Joel Perrault (FLA)
2 - Nathan Horton (FLA)
3 - Adam Mair (BUF)

Power Play

Panthers - 0 on 9 Attempt(s) - 0.00%
Sabres - 2 on 4 Attempt(s) - 50.00%

Penalty Kill

Panthers - 2 on 4 Attempt(s) - 50.00% - Score 0 goal in Penalty Kill
Sabres - 9 on 9 Attempt(s) - 100.00% - Score 0 goal in Penalty Kill

Game Notes

No Game Note

Finance

Level 1 -- Attendance: 6230 (100.00%) -- Ticket Income $598,080.00
Level 2 -- Attendance: 4998 (96.26%) -- Ticket Income $284,886.00
Level 3 -- Attendance: 2077 (100.00%) -- Ticket Income $60,233.00
Level 4 -- Attendance: 4153 (100.00%) -- Ticket Income $78,907.00
Luxury Box -- Attendance: 1018 (98.07%) -- Ticket Income $184,258.00
Game was played at the HSBC Arena
Total Attendance: 18476 (98.86%)
Total Ticket Income: $1,264,866.00
Other Income: $376,770.60
Total Income: $1,641,637.00


Team Lines

Panthers

5 vs 5
   Center                   Left Wing                Right Wing               Defense                  Defense                  
 1 Joe Thornton             Ray Whitney              Nathan Horton            Fedor Tyutin             Sheldon Souray           
 2 Mike Modano              Chris Kunitz             Trent Hunter             Ryan Suter               Toni Lydman              
 3 Torrey Mitchell          Ville Peltonen           Miroslav Satan           Scott Hannan             Karlis Skrastins         
 4 Joel Perrault            Ryan Hollweg             Lee Stempniak            Toni Lydman              Sheldon Souray           

Power Play
   Center                   Left Wing                Right Wing               Defense                  Defense                  
 1 Joe Thornton             Ray Whitney              Nathan Horton            Ryan Suter               Sheldon Souray           
 2 Mike Modano              Chris Kunitz             Lee Stempniak            Scott Hannan             Fedor Tyutin             

Penalty Kill - 4 Players
   Center                   Wing                     Defense                  Defense                  
 1 Torrey Mitchell          Trent Hunter             Karlis Skrastins         Fedor Tyutin             
 2 Joel Perrault            Ville Peltonen           Toni Lydman              Scott Hannan             

4 vs 4
   Center                   Wing                     Defense                  Defense                  
 1 Joe Thornton             Nathan Horton            Toni Lydman              Fedor Tyutin             
 2 Mike Modano              Ray Whitney              Sheldon Souray           Ryan Suter               

Penalty Kill - 3 Players
   Forward                  Defense                  Defense                  
 1 Torrey Mitchell          Toni Lydman              Fedor Tyutin             
 2 Mike Modano              Karlis Skrastins         Scott Hannan             

Goaltenders
Starting : Roberto Luongo           
Backup : Craig Andersson          

Extra Forwards
Joe Thornton, Nathan Horton, Ray Whitney, Mike Modano, Chris Kunitz
Extra Defensemen
Toni Lydman, Fedor Tyutin, Sheldon Souray, Scott Hannan, Ryan Suter
Penalty Shots
Joe Thornton, Nathan Horton, Ray Whitney, Mike Modano, Chris Kunitz
Coach Strategy
Physical Style: 1 - Defense Style: 3 - Offense Style: 1

Sabres

5 vs 5
   Center                   Left Wing                Right Wing               Defense                  Defense                  
 1 Sidney Crosby            Jochen Hecht             Drew Stafford            Chris Pronger            Teppo Numminen           
 2 Derek Roy                Thomas Vanek             Jason Pominville         Anton Volchenkov         Henrik Tallinder         
 3 Daniel Brière            Clarke MacArthur         Dan Paille               Hal Gill                 Mike Mottau              
 4 Paul Gaustad             Adam Mair                Patrick Kaleta           Chris Pronger            Anton Volchenkov         

Power Play
   Center                   Left Wing                Right Wing               Defense                  Defense                  
 1 Sidney Crosby            Derek Roy                Drew Stafford            Chris Pronger            Teppo Numminen           
 2 Daniel Brière            Thomas Vanek             Jason Pominville         Henrik Tallinder         Anton Volchenkov         

Penalty Kill - 4 Players
   Center                   Wing                     Defense                  Defense                  
 1 Paul Gaustad             Jochen Hecht             Chris Pronger            Anton Volchenkov         
 2 Derek Roy                Dan Paille               Teppo Numminen           Hal Gill                 

4 vs 4
   Center                   Wing                     Defense                  Defense                  
 1 Sidney Crosby            Thomas Vanek             Chris Pronger            Teppo Numminen           
 2 Derek Roy                Jason Pominville         Henrik Tallinder         Anton Volchenkov         

Penalty Kill - 3 Players
   Forward                  Defense                  Defense                  
 1 Derek Roy                Chris Pronger            Anton Volchenkov         
 2 Jochen Hecht             Teppo Numminen           Hal Gill                 

Goaltenders
Starting : Ryan Miller              
Backup : Dany Sabourin            

Extra Forwards
Sidney Crosby, Derek Roy, Thomas Vanek, Jason Pominville, Daniel Brière
Extra Defensemen
Chris Pronger, Anton Volchenkov, Teppo Numminen, Hal Gill, Henrik Tallinder
Penalty Shots
Sidney Crosby, Thomas Vanek, Derek Roy, Jason Pominville, Jochen Hecht
Coach Strategy
Physical Style: 0 - Defense Style: 2 - Offense Style: 3

Play by Play

Period #1

0:01 of 1st period - Joe Thornton wins face-off versus Sidney Crosby in neutral zone.
0:28 of 1st period - Shot by Jochen Hecht.
0:28 of 1st period - Shot Blocked by Joe Thornton.
1:27 of 1st period - Shot by Derek Roy.
1:27 of 1st period - Shot Misses the Net.
1:29 of 1st period - Shot by Henrik Tallinder.
1:29 of 1st period - Stopped by Roberto Luongo without a rebound.
1:30 of 1st period - Torrey Mitchell wins face-off versus Daniel Brière in Panthers zone.
1:47 of 1st period - Shot by Daniel Brière.
1:47 of 1st period - Shot Misses the Net.
1:49 of 1st period - Shot by Clarke MacArthur.
1:49 of 1st period - Shot Misses the Net.
1:51 of 1st period - Shot by Hal Gill.
1:51 of 1st period - Stopped by Roberto Luongo without a rebound.
1:52 of 1st period - Joel Perrault wins face-off versus Adam Mair in Panthers zone.
2:25 of 1st period - Shot by Lee Stempniak.
2:25 of 1st period - Stopped by Ryan Miller without a rebound.
2:26 of 1st period - Torrey Mitchell wins face-off versus Daniel Brière in Sabres zone.
2:27 of 1st period - Shot by Miroslav Satan.
2:27 of 1st period - Stopped by Ryan Miller without a rebound.
2:28 of 1st period - Torrey Mitchell wins face-off versus Daniel Brière in Sabres zone.
2:50 of 1st period - Off-side.
2:51 of 1st period - Joe Thornton wins face-off versus Sidney Crosby in neutral zone.
2:59 of 1st period - Nathan Horton is hit by Chris Pronger and loses puck.
3:18 of 1st period - Shot by Ray Whitney.
3:18 of 1st period - Shot Misses the Net.
3:25 of 1st period - Icing by Teppo Numminen.
3:26 of 1st period - Sidney Crosby wins face-off versus Torrey Mitchell in Sabres zone.
3:26 of 1st period - Sidney Crosby is hit by Ville Peltonen.
3:59 of 1st period - Shot by Thomas Vanek.
3:59 of 1st period - Shot Misses the Net.
4:12 of 1st period - Minor Penalty to Karlis Skrastins for Hooking.
4:13 of 1st period - Joel Perrault wins face-off versus Daniel Brière in Panthers zone.
4:24 of 1st period - Shot by Daniel Brière.
4:24 of 1st period - Stopped by Roberto Luongo without a rebound.
4:25 of 1st period - Sidney Crosby wins face-off versus Joel Perrault in Panthers zone.
4:31 of 1st period - Shot by Chris Pronger.
4:31 of 1st period - Shot Blocked by Toni Lydman.
4:33 of 1st period - Shot by Derek Roy.
4:33 of 1st period - Stopped by Roberto Luongo without a rebound.
4:34 of 1st period - Daniel Brière wins face-off versus Torrey Mitchell in Panthers zone.
4:37 of 1st period - Shot by Daniel Brière.
4:37 of 1st period - Deflect By Thomas Vanek.
4:37 of 1st period - Goal by Thomas Vanek - Panthers : 0 - Sabres : 1.
4:38 of 1st period - Joe Thornton wins face-off versus Dan Paille in neutral zone.
4:38 of 1st period - Minor Penalty to Clarke MacArthur for Hooking.
4:39 of 1st period - Derek Roy wins face-off versus Joe Thornton in neutral zone.
4:41 of 1st period - Hal Gill is hit by Sheldon Souray.
4:44 of 1st period - Icing by Ryan Suter.
4:45 of 1st period - Derek Roy wins face-off versus Joe Thornton in Panthers zone.
6:06 of 1st period - Icing by Mike Modano.
6:07 of 1st period - Mike Modano wins face-off versus Paul Gaustad in Panthers zone.
6:33 of 1st period - Off-side.
6:34 of 1st period - Joe Thornton wins face-off versus Derek Roy in neutral zone.
6:46 of 1st period - Icing by Dan Paille.
6:47 of 1st period - Joel Perrault wins face-off versus Daniel Brière in Sabres zone.
7:56 of 1st period - Shot by Miroslav Satan.
7:56 of 1st period - Shot Misses the Net.
8:10 of 1st period - Icing by Anton Volchenkov.
8:11 of 1st period - Joe Thornton wins face-off versus Derek Roy in Sabres zone.
8:28 of 1st period - Shot by Ray Whitney.
8:28 of 1st period - Stopped by Ryan Miller without a rebound.
8:29 of 1st period - Sidney Crosby wins face-off versus Mike Modano in Sabres zone.
8:36 of 1st period - Shot by Mike Modano.
8:36 of 1st period - Stopped by Ryan Miller without a rebound.
8:37 of 1st period - Mike Modano wins face-off versus Sidney Crosby in Sabres zone.
8:51 of 1st period - Icing by Drew Stafford.
8:52 of 1st period - Nathan Horton wins face-off versus Sidney Crosby in Sabres zone.
9:25 of 1st period - Shot by Nathan Horton.
9:25 of 1st period - Shot Misses the Net.
9:29 of 1st period - Shot by Ray Whitney.
9:29 of 1st period - Shot Blocked by Chris Pronger.
9:31 of 1st period - Shot by Nathan Horton.
9:31 of 1st period - Goal by Nathan Horton - Panthers : 1 - Sabres : 1.
9:32 of 1st period - Mike Modano wins face-off versus Clarke MacArthur in neutral zone.
9:35 of 1st period - Shot by Chris Kunitz.
9:35 of 1st period - Stopped by Ryan Miller without a rebound.
9:36 of 1st period - Torrey Mitchell wins face-off versus Derek Roy in Sabres zone.
9:42 of 1st period - Ville Peltonen is hit by Anton Volchenkov and loses puck.
9:58 of 1st period - Miroslav Satan is hit by Anton Volchenkov and loses puck.
10:12 of 1st period - Minor Penalty to Anton Volchenkov for Hooking.
10:13 of 1st period - Derek Roy wins face-off versus Chris Kunitz in Sabres zone.
10:13 of 1st period - Derek Roy is hit by Chris Kunitz.
10:20 of 1st period - Icing by Chris Kunitz.
10:21 of 1st period - Derek Roy wins face-off versus Mike Modano in Panthers zone.
10:46 of 1st period - Shot by Chris Kunitz.
10:46 of 1st period - Stopped by Ryan Miller without a rebound.
10:47 of 1st period - Joe Thornton wins face-off versus Derek Roy in Sabres zone.
11:16 of 1st period - Shot by Joe Thornton.
11:16 of 1st period - Deflect By Ray Whitney.
11:16 of 1st period - Shot Misses the Net.
11:20 of 1st period - Shot by Joe Thornton.
11:20 of 1st period - Deflect By Ray Whitney.
11:20 of 1st period - Shot Misses the Net.
11:22 of 1st period - Shot by Sheldon Souray.
11:22 of 1st period - Shot Misses the Net.
11:24 of 1st period - Shot by Ray Whitney.
11:24 of 1st period - Deflect By Joe Thornton.
11:24 of 1st period - Stopped by Ryan Miller without a rebound.
11:25 of 1st period - Derek Roy wins face-off versus Lee Stempniak in Sabres zone.
11:25 of 1st period - Teppo Numminen is hit by Chris Kunitz and loses puck.
13:03 of 1st period - Off-side.
13:04 of 1st period - Joe Thornton wins face-off versus Derek Roy in neutral zone.
13:19 of 1st period - Shot by Thomas Vanek.
13:19 of 1st period - Deflect By Derek Roy.
13:19 of 1st period - Shot Blocked by Fedor Tyutin.
13:21 of 1st period - Shot by Jason Pominville.
13:21 of 1st period - Shot Misses the Net.
13:23 of 1st period - Shot by Anton Volchenkov.
13:23 of 1st period - Shot Misses the Net.
13:26 of 1st period - Derek Roy is hit by Fedor Tyutin and loses puck.
14:22 of 1st period - Shot by Chris Kunitz.
14:22 of 1st period - Stopped by Ryan Miller with a rebound.
14:26 of 1st period - Shot by Mike Modano.
14:26 of 1st period - Stopped by Ryan Miller without a rebound.
14:27 of 1st period - Torrey Mitchell wins face-off versus Daniel Brière in Sabres zone.
14:56 of 1st period - Shot by Torrey Mitchell.
14:56 of 1st period - Shot Misses the Net.
15:14 of 1st period - Shot by Mike Modano.
15:14 of 1st period - Shot Misses the Net.
15:24 of 1st period - Shot by Mike Modano.
15:24 of 1st period - Shot Misses the Net.
15:28 of 1st period - Shot by Chris Kunitz.
15:28 of 1st period - Shot Blocked by Hal Gill.
15:30 of 1st period - Shot by Ryan Suter.
15:30 of 1st period - Stopped by Ryan Miller without a rebound.
15:31 of 1st period - Paul Gaustad wins face-off versus Joel Perrault in Sabres zone.
15:38 of 1st period - Toni Lydman is hit by Paul Gaustad and loses puck.
15:49 of 1st period - Shot by Paul Gaustad.
15:49 of 1st period - Deflect By Patrick Kaleta.
15:49 of 1st period - Stopped by Roberto Luongo without a rebound.
15:50 of 1st period - Derek Roy wins face-off versus Joe Thornton in Panthers zone.
16:17 of 1st period - Shot by Derek Roy.
16:17 of 1st period - Stopped by Roberto Luongo without a rebound.
16:18 of 1st period - Sidney Crosby wins face-off versus Torrey Mitchell in Panthers zone.
16:22 of 1st period - Icing by Karlis Skrastins.
16:23 of 1st period - Sidney Crosby wins face-off versus Torrey Mitchell in Panthers zone.
16:30 of 1st period - Shot by Sidney Crosby.
16:30 of 1st period - Deflect By Drew Stafford.
16:30 of 1st period - Shot Misses the Net.
16:34 of 1st period - Shot by Chris Pronger.
16:34 of 1st period - Shot Misses the Net.
16:38 of 1st period - Shot by Sidney Crosby.
16:38 of 1st period - Shot Misses the Net.
16:44 of 1st period - Shot by Jochen Hecht.
16:44 of 1st period - Shot Misses the Net.
16:46 of 1st period - Shot by Drew Stafford.
16:46 of 1st period - Stopped by Roberto Luongo without a rebound.
16:47 of 1st period - Mike Modano wins face-off versus Derek Roy in Panthers zone.
17:16 of 1st period - Icing by Anton Volchenkov.
17:17 of 1st period - Derek Roy wins face-off versus Joe Thornton in Sabres zone.
18:07 of 1st period - Miroslav Satan is hit by Drew Stafford and loses puck.
18:27 of 1st period - Torrey Mitchell is hit by Drew Stafford and loses puck.
19:07 of 1st period - Icing by Hal Gill.
19:08 of 1st period - Daniel Brière wins face-off versus Joel Perrault in Sabres zone.
19:08 of 1st period - Daniel Brière is hit by Ryan Hollweg.
19:13 of 1st period - Dan Paille is hit by Toni Lydman and loses puck.
19:24 of 1st period - Shot by Lee Stempniak.
19:24 of 1st period - Shot Misses the Net.
19:28 of 1st period - Shot by Joel Perrault.
19:28 of 1st period - Goal by Joel Perrault - Panthers : 2 - Sabres : 1.
19:29 of 1st period - Derek Roy wins face-off versus Trent Hunter in neutral zone.
19:32 of 1st period - Toni Lydman is hit by Jason Pominville.
19:37 of 1st period - Minor Penalty to Derek Roy for Delaying the game.
19:38 of 1st period - Jochen Hecht wins face-off versus Joe Thornton in neutral zone.
19:57 of 1st period - Shot by Ryan Suter.
19:57 of 1st period - Stopped by Ryan Miller with a rebound.
19:59 of 1st period - Shot by Ryan Suter.
19:59 of 1st period - Stopped by Ryan Miller without a rebound.

Period #2

0:01 of 2nd period - Paul Gaustad wins face-off versus Joe Thornton in neutral zone.
0:38 of 2nd period - Shot by Nathan Horton.
0:38 of 2nd period - Deflect By Ray Whitney.
0:38 of 2nd period - Stopped by Ryan Miller with a rebound.
0:40 of 2nd period - Shot by Ryan Suter.
0:40 of 2nd period - Stopped by Ryan Miller without a rebound.
0:41 of 2nd period - Dan Paille wins face-off versus Mike Modano in Sabres zone.
0:56 of 2nd period - Minor Penalty to Teppo Numminen for Holding.
0:57 of 2nd period - Sidney Crosby wins face-off versus Mike Modano in Sabres zone.
0:57 of 2nd period - Sidney Crosby is hit by Lee Stempniak.
2:24 of 2nd period - Shot by Mike Modano.
2:24 of 2nd period - Deflect By Chris Kunitz.
2:24 of 2nd period - Stopped by Ryan Miller without a rebound.
2:25 of 2nd period - Joe Thornton wins face-off versus Derek Roy in Sabres zone.
3:10 of 2nd period - Shot by Ville Peltonen.
3:10 of 2nd period - Stopped by Ryan Miller with a rebound.
3:12 of 2nd period - Shot by Miroslav Satan.
3:12 of 2nd period - Stopped by Ryan Miller without a rebound.
3:13 of 2nd period - Paul Gaustad wins face-off versus Joel Perrault in Sabres zone.
4:00 of 2nd period - Shot by Sidney Crosby.
4:00 of 2nd period - Shot Misses the Net.
4:29 of 2nd period - Toni Lydman is hit by Henrik Tallinder and loses puck.
5:20 of 2nd period - Karlis Skrastins is hit by Dan Paille and loses puck.
5:33 of 2nd period - Scott Hannan is hit by Dan Paille and loses puck.
5:37 of 2nd period - Icing by Scott Hannan.
5:38 of 2nd period - Torrey Mitchell wins face-off versus Paul Gaustad in Panthers zone.
5:38 of 2nd period - Torrey Mitchell is hit by Patrick Kaleta.
6:00 of 2nd period - Shot by Paul Gaustad.
6:00 of 2nd period - Shot Misses the Net.
6:04 of 2nd period - Shot by Paul Gaustad.
6:04 of 2nd period - Deflect By Adam Mair.
6:04 of 2nd period - Stopped by Roberto Luongo without a rebound.
6:05 of 2nd period - Mike Modano wins face-off versus Thomas Vanek in Panthers zone.
7:00 of 2nd period - Chris Pronger is hit by Trent Hunter and loses puck.
7:01 of 2nd period - Minor Penalty to Chris Kunitz for Roughing.
7:02 of 2nd period - Joel Perrault wins face-off versus Sidney Crosby in Sabres zone.
7:21 of 2nd period - Shot by Derek Roy.
7:21 of 2nd period - Shot Misses the Net.
7:23 of 2nd period - Shot by Teppo Numminen.
7:23 of 2nd period - Shot Blocked by Joel Perrault.
7:51 of 2nd period - Trent Hunter is hit by Daniel Brière and loses puck.
8:02 of 2nd period - Shot by Thomas Vanek.
8:02 of 2nd period - Shot Blocked by Trent Hunter.
8:04 of 2nd period - Shot by Henrik Tallinder.
8:04 of 2nd period - Shot Misses the Net.
8:15 of 2nd period - Icing by Sidney Crosby.
8:16 of 2nd period - Sidney Crosby wins face-off versus Joe Thornton in Sabres zone.
9:17 of 2nd period - Shot by Daniel Brière.
9:17 of 2nd period - Shot Misses the Net.
9:21 of 2nd period - Shot by Daniel Brière.
9:21 of 2nd period - Stopped by Roberto Luongo without a rebound.
9:22 of 2nd period - Paul Gaustad wins face-off versus Joe Thornton in Panthers zone.
11:00 of 2nd period - Shot by Jason Pominville.
11:00 of 2nd period - Shot Blocked by Scott Hannan.
12:24 of 2nd period - Minor Penalty to Drew Stafford for Holding.
12:25 of 2nd period - Torrey Mitchell wins face-off versus Dan Paille in Panthers zone.
12:35 of 2nd period - Shot by Miroslav Satan.
12:35 of 2nd period - Shot Misses the Net.
12:39 of 2nd period - Shot by Miroslav Satan.
12:39 of 2nd period - Stopped by Ryan Miller without a rebound.
12:40 of 2nd period - Paul Gaustad wins face-off versus Mike Modano in Sabres zone.
13:04 of 2nd period - Minor Penalty to Patrick Kaleta for Hooking.
13:05 of 2nd period - Joe Thornton wins face-off versus Jochen Hecht in Sabres zone.
13:32 of 2nd period - Shot by Joe Thornton.
13:32 of 2nd period - Stopped by Ryan Miller without a rebound.
13:33 of 2nd period - Derek Roy wins face-off versus Mike Modano in Sabres zone.
15:27 of 2nd period - Icing by Toni Lydman.
15:28 of 2nd period - Paul Gaustad wins face-off versus Torrey Mitchell in Panthers zone.
15:41 of 2nd period - Shot by Adam Mair.
15:41 of 2nd period - Shot Misses the Net.
16:19 of 2nd period - Shot by Daniel Brière.
16:19 of 2nd period - Stopped by Roberto Luongo without a rebound.
16:20 of 2nd period - Mike Modano wins face-off versus Derek Roy in Panthers zone.
16:20 of 2nd period - Mike Modano is hit by Jason Pominville.
17:43 of 2nd period - Off-side.
17:44 of 2nd period - Torrey Mitchell wins face-off versus Sidney Crosby in neutral zone.
17:56 of 2nd period - Icing by Sidney Crosby.
17:57 of 2nd period - Mike Modano wins face-off versus Sidney Crosby in Sabres zone.
18:03 of 2nd period - Icing by Teppo Numminen.
18:04 of 2nd period - Sidney Crosby wins face-off versus Mike Modano in Sabres zone.
18:26 of 2nd period - Shot by Trent Hunter.
18:26 of 2nd period - Shot Misses the Net.
18:47 of 2nd period - Minor Penalty to Thomas Vanek for Hooking.
18:48 of 2nd period - Joe Thornton wins face-off versus Paul Gaustad in neutral zone.
19:41 of 2nd period - Shot by Mike Modano.
19:41 of 2nd period - Stopped by Ryan Miller with a rebound.
19:43 of 2nd period - Shot by Scott Hannan.
19:43 of 2nd period - Stopped by Ryan Miller without a rebound.
19:44 of 2nd period - Paul Gaustad wins face-off versus Joe Thornton in Sabres zone.

Period #3

0:01 of 3rd period - Jochen Hecht wins face-off versus Joe Thornton in neutral zone.
0:26 of 3rd period - Shot by Nathan Horton.
0:26 of 3rd period - Shot Misses the Net.
0:28 of 3rd period - Shot by Ray Whitney.
0:28 of 3rd period - Shot Blocked by Teppo Numminen.
0:30 of 3rd period - Shot by Ryan Suter.
0:30 of 3rd period - Shot Misses the Net.
0:32 of 3rd period - Shot by Ryan Suter.
0:32 of 3rd period - Stopped by Ryan Miller without a rebound.
0:33 of 3rd period - Paul Gaustad wins face-off versus Mike Modano in Sabres zone.
1:26 of 3rd period - Thomas Vanek is hit by Scott Hannan.
1:41 of 3rd period - Icing by Torrey Mitchell.
1:42 of 3rd period - Torrey Mitchell wins face-off versus Sidney Crosby in Panthers zone.
1:42 of 3rd period - Torrey Mitchell is hit by Drew Stafford.
2:09 of 3rd period - Sidney Crosby is hit by Fedor Tyutin and loses puck.
2:36 of 3rd period - Shot by Joe Thornton.
2:36 of 3rd period - Stopped by Ryan Miller without a rebound.
2:37 of 3rd period - Daniel Brière wins face-off versus Mike Modano in Sabres zone.
2:37 of 3rd period - Daniel Brière is hit by Chris Kunitz.
2:38 of 3rd period - Minor Penalty to Hal Gill for Roughing.
2:38 of 3rd period - Minor Penalty to Chris Kunitz for Hooking.
2:39 of 3rd period - Mike Modano wins face-off versus Derek Roy in Sabres zone.
2:56 of 3rd period - Shot by Ray Whitney.
2:56 of 3rd period - Shot Misses the Net.
3:08 of 3rd period - Shot by Derek Roy.
3:08 of 3rd period - Deflect By Jason Pominville.
3:08 of 3rd period - Shot Blocked by Sheldon Souray.
3:26 of 3rd period - Shot by Thomas Vanek.
3:26 of 3rd period - Shot Blocked by Sheldon Souray.
3:30 of 3rd period - Shot by Thomas Vanek.
3:30 of 3rd period - Stopped by Roberto Luongo with a rebound.
3:34 of 3rd period - Shot by Sidney Crosby.
3:34 of 3rd period - Shot Misses the Net.
3:36 of 3rd period - Shot by Sidney Crosby.
3:36 of 3rd period - Shot Blocked by Sheldon Souray.
3:38 of 3rd period - Shot by Chris Pronger.
3:38 of 3rd period - Shot Blocked by Ryan Suter.
4:14 of 3rd period - Shot by Daniel Brière.
4:14 of 3rd period - Stopped by Roberto Luongo without a rebound.
4:15 of 3rd period - Thomas Vanek wins face-off versus Joe Thornton in Panthers zone.
4:24 of 3rd period - Shot by Thomas Vanek.
4:24 of 3rd period - Shot Misses the Net.
4:28 of 3rd period - Shot by Thomas Vanek.
4:28 of 3rd period - Deflect By Sidney Crosby.
4:28 of 3rd period - Stopped by Roberto Luongo without a rebound.
4:29 of 3rd period - Joe Thornton wins face-off versus Derek Roy in Panthers zone.
4:50 of 3rd period - Shot by Daniel Brière.
4:50 of 3rd period - Shot Misses the Net.
4:52 of 3rd period - Shot by Dan Paille.
4:52 of 3rd period - Stopped by Roberto Luongo without a rebound.
4:53 of 3rd period - Torrey Mitchell wins face-off versus Paul Gaustad in Panthers zone.
4:53 of 3rd period - Torrey Mitchell is hit by Adam Mair.
4:58 of 3rd period - Minor Penalty to Anton Volchenkov for Tripping.
4:59 of 3rd period - Mike Modano wins face-off versus Derek Roy in Sabres zone.
5:02 of 3rd period - Shot by Lee Stempniak.
5:02 of 3rd period - Deflect By Chris Kunitz.
5:02 of 3rd period - Shot Misses the Net.
5:04 of 3rd period - Shot by Mike Modano.
5:04 of 3rd period - Stopped by Ryan Miller with a rebound.
5:06 of 3rd period - Shot by Fedor Tyutin.
5:06 of 3rd period - Shot Misses the Net.
5:08 of 3rd period - Shot by Fedor Tyutin.
5:08 of 3rd period - Stopped by Ryan Miller without a rebound.
5:09 of 3rd period - Mike Modano wins face-off versus Paul Gaustad in Sabres zone.
5:16 of 3rd period - Shot by Mike Modano.
5:16 of 3rd period - Stopped by Ryan Miller without a rebound.
5:17 of 3rd period - Paul Gaustad wins face-off versus Joe Thornton in Sabres zone.
5:32 of 3rd period - Shot by Joe Thornton.
5:32 of 3rd period - Shot Misses the Net.
5:34 of 3rd period - Shot by Chris Kunitz.
5:34 of 3rd period - Stopped by Ryan Miller without a rebound.
5:35 of 3rd period - Mike Modano wins face-off versus Derek Roy in Sabres zone.
6:24 of 3rd period - Icing by Ryan Suter.
6:25 of 3rd period - Joe Thornton wins face-off versus Paul Gaustad in Panthers zone.
7:05 of 3rd period - Shot by Miroslav Satan.
7:05 of 3rd period - Stopped by Ryan Miller without a rebound.
7:06 of 3rd period - Torrey Mitchell wins face-off versus Adam Mair in Sabres zone.
7:39 of 3rd period - Chris Pronger is hit by Torrey Mitchell and loses puck.
8:34 of 3rd period - Shot by Daniel Brière.
8:34 of 3rd period - Deflect By Dan Paille.
8:34 of 3rd period - Stopped by Roberto Luongo without a rebound.
8:35 of 3rd period - Mike Modano wins face-off versus Derek Roy in Panthers zone.
8:37 of 3rd period - Icing by Ryan Suter.
8:38 of 3rd period - Derek Roy wins face-off versus Trent Hunter in Panthers zone.
8:38 of 3rd period - Thomas Vanek is hit by Toni Lydman.
8:48 of 3rd period - Shot by Thomas Vanek.
8:48 of 3rd period - Shot Misses the Net.
8:52 of 3rd period - Shot by Derek Roy.
8:52 of 3rd period - Shot Blocked by Toni Lydman.
9:50 of 3rd period - Shot by Torrey Mitchell.
9:50 of 3rd period - Shot Misses the Net.
10:05 of 3rd period - Icing by Torrey Mitchell.
10:06 of 3rd period - Torrey Mitchell wins face-off versus Dan Paille in Panthers zone.
10:06 of 3rd period - Torrey Mitchell is hit by Daniel Brière.
10:38 of 3rd period - Shot by Dan Paille.
10:38 of 3rd period - Stopped by Roberto Luongo without a rebound.
10:39 of 3rd period - Joe Thornton wins face-off versus Sidney Crosby in Panthers zone.
11:17 of 3rd period - Minor Penalty to Fedor Tyutin for High sticking.
11:18 of 3rd period - Sidney Crosby wins face-off versus Torrey Mitchell in Panthers zone.
11:21 of 3rd period - Shot by Derek Roy.
11:21 of 3rd period - Stopped by Roberto Luongo without a rebound.
11:22 of 3rd period - Sidney Crosby wins face-off versus Joel Perrault in Panthers zone.
11:31 of 3rd period - Shot by Sidney Crosby.
11:31 of 3rd period - Shot Misses the Net.
11:33 of 3rd period - Shot by Teppo Numminen.
11:33 of 3rd period - Stopped by Roberto Luongo with a rebound.
12:00 of 3rd period - Off-side.
12:01 of 3rd period - Torrey Mitchell wins face-off versus Daniel Brière in neutral zone.
12:54 of 3rd period - Shot by Adam Mair.
12:54 of 3rd period - Goal by Adam Mair - Panthers : 2 - Sabres : 2.
12:55 of 3rd period - Joe Thornton wins face-off versus Derek Roy in neutral zone.
12:58 of 3rd period - Clarke MacArthur is hit by Joe Thornton.
13:22 of 3rd period - Icing by Nathan Horton.
13:23 of 3rd period - Paul Gaustad wins face-off versus Joe Thornton in Panthers zone.
14:24 of 3rd period - Minor Penalty to Torrey Mitchell for Interference.
14:25 of 3rd period - Sidney Crosby wins face-off versus Joel Perrault in Sabres zone.
14:27 of 3rd period - Icing by Derek Roy.
14:28 of 3rd period - Sidney Crosby wins face-off versus Joel Perrault in Sabres zone.
14:28 of 3rd period - Sidney Crosby is hit by Joel Perrault.
16:53 of 3rd period - Shot by Derek Roy.
16:53 of 3rd period - Deflect By Clarke MacArthur.
16:53 of 3rd period - Stopped by Roberto Luongo without a rebound.
16:54 of 3rd period - Paul Gaustad wins face-off versus Torrey Mitchell in Panthers zone.
17:17 of 3rd period - Shot by Paul Gaustad.
17:17 of 3rd period - Shot Misses the Net.
17:27 of 3rd period - Chris Pronger is hit by Torrey Mitchell.
17:56 of 3rd period - Shot by Dan Paille.
17:56 of 3rd period - Shot Misses the Net.
18:05 of 3rd period - Icing by Dan Paille.
18:06 of 3rd period - Joe Thornton wins face-off versus Daniel Brière in Sabres zone.
18:06 of 3rd period - Joe Thornton is hit by Hal Gill.
18:10 of 3rd period - Shot by Nathan Horton.
18:10 of 3rd period - Shot Misses the Net.
18:16 of 3rd period - Joe Thornton is hit by Dan Paille and loses puck.
18:24 of 3rd period - Icing by Sheldon Souray.
18:25 of 3rd period - Sidney Crosby wins face-off versus Joe Thornton in Panthers zone.
18:27 of 3rd period - Jochen Hecht is hit by Fedor Tyutin and loses puck.
18:49 of 3rd period - Sidney Crosby is hit by Fedor Tyutin and loses puck.
19:05 of 3rd period - Icing by Sheldon Souray.
19:06 of 3rd period - Derek Roy wins face-off versus Joe Thornton in Panthers zone.
19:09 of 3rd period - Shot by Thomas Vanek.
19:09 of 3rd period - Stopped by Roberto Luongo without a rebound.
19:10 of 3rd period - Derek Roy wins face-off versus Mike Modano in Panthers zone.
19:15 of 3rd period - Shot by Thomas Vanek.
19:15 of 3rd period - Stopped by Roberto Luongo without a rebound.
19:16 of 3rd period - Derek Roy wins face-off versus Mike Modano in Panthers zone.
19:29 of 3rd period - Shot by Jason Pominville.
19:29 of 3rd period - Shot Blocked by Trent Hunter.
19:42 of 3rd period - Shot by Derek Roy.
19:42 of 3rd period - Shot Misses the Net.
19:44 of 3rd period - Shot by Jason Pominville.
19:44 of 3rd period - Deflect By Derek Roy.
19:44 of 3rd period - Stopped by Roberto Luongo without a rebound.
19:45 of 3rd period - Joel Perrault wins face-off versus Daniel Brière in Panthers zone.
19:58 of 3rd period - Shot by Daniel Brière.
19:58 of 3rd period - Shot Hit the Post.

Overtime #1

0:01 of 1st overtime period - Joe Thornton wins face-off versus Thomas Vanek in neutral zone.
0:07 of 1st overtime period - Joe Thornton is hit by Chris Pronger and loses puck.
0:17 of 1st overtime period - Minor Penalty to Chris Pronger for Holding.
0:18 of 1st overtime period - Derek Roy wins face-off versus Mike Modano in Sabres zone.
0:35 of 1st overtime period - Shot by Ray Whitney.
0:35 of 1st overtime period - Shot Misses the Net.
1:02 of 1st overtime period - Shot by Derek Roy.
1:02 of 1st overtime period - Stopped by Roberto Luongo without a rebound.
1:03 of 1st overtime period - Joe Thornton wins face-off versus Jochen Hecht in Panthers zone.
3:19 of 1st overtime period - Shot by Jason Pominville.
3:19 of 1st overtime period - Stopped by Roberto Luongo without a rebound.
3:20 of 1st overtime period - Sidney Crosby wins face-off versus Mike Modano in Panthers zone.
3:21 of 1st overtime period - Shot by Thomas Vanek.
3:21 of 1st overtime period - Shot Blocked by Ryan Suter.
3:37 of 1st overtime period - Off-side.
3:38 of 1st overtime period - Derek Roy wins face-off versus Mike Modano in neutral zone.
3:45 of 1st overtime period - Shot by Jason Pominville.
3:45 of 1st overtime period - Shot Misses the Net.
4:24 of 1st overtime period - Icing by Chris Kunitz.
4:25 of 1st overtime period - Chris Kunitz wins face-off versus Sidney Crosby in Panthers zone.
4:46 of 1st overtime period - Shot by Ryan Hollweg.
4:46 of 1st overtime period - Stopped by Ryan Miller without a rebound.
4:47 of 1st overtime period - Sidney Crosby wins face-off versus Joe Thornton in Sabres zone.

ShootOut

ShootOut - Penalty Shot by Joe Thornton for Panthers.
ShootOut - Stopped by Ryan Miller.
ShootOut - Penalty Shot by Sidney Crosby for Sabres.
ShootOut - Goal by Sidney Crosby.
ShootOut - Penalty Shot by Nathan Horton for Panthers.
ShootOut - Stopped by Ryan Miller.
ShootOut - Penalty Shot by Thomas Vanek for Sabres.
ShootOut - Shot Misses the Net.
ShootOut - Penalty Shot by Ray Whitney for Panthers.
ShootOut - Stopped by Ryan Miller.


Output by the SimonT Hockey Simulator (STHS) for Jason Fisher -- Original Page W3C XHTML 1.0 Valid